Map: Disco Bloodbath LE

Players

DisK

  • Race: Protoss Protoss
  • Spawn Location: 3:00

Bioice - Winner!

  • Race: Zerg Zerg
  • Spawn Location: 9:00

VOD

Have the link to the VOD?

Description

Time

  • Played on: Sept. 6, 2019, 2:27 p.m.
  • Length: 14:10
Show
View Real Time Build Order
Export as new Build Order

DisK Protoss 

Build Orders: Oracle Opening, Phoenix Opening, Colossus Rush 

Get SALT Encoding   

  12  0:00  Probe  
  13  0:12  Probe  
  14  0:20  Pylon  
  14  0:24  Probe  
  15  0:35  Probe  
  15  0:42  Gateway  
  16  0:43  Probe  
  16  0:48  Assimilator  
  17  0:52  Probe  
  18  1:04  Probe  
  19  1:17  Probe  
  20  1:21  Zealot  
  20  1:29  Cybernetics Core, Probe  
  23  1:34  Pylon  
  23  1:52  Probe  
  24  2:09  Nexus  
  24  2:19  Probe, Assimilator  
  25  2:29  Stargate  
  25  2:32  Probe  
  25  2:35  Warp Gate, Adept  
  26  2:45  Probe  
  29  2:57  Probe  
  29  3:05  Shield Battery  
  29  3:07  Adept  
  29  3:11  Oracle  
  31  3:18  Probe  
  31  3:21  Probe  
  31  3:26  Probe  
  36  3:33  Probe  
  38  3:36  Probe  
  41  3:45  Probe  
  41  3:48  Phoenix, Probe  
  43  3:57  Probe  
  43  4:00  Probe  
  45  4:09  Probe  
  46  4:11  Assimilator  
  46  4:13  Robotics Facility  
  46  4:14  Pylon  
  46  4:18  Assimilator  
  46  4:20  Pylon  
  46  4:29  Probe x2  
  46  4:37  Probe x2  
  48  4:44  Gateway  
  50  4:45  Gateway  
  50  4:46  Probe x2  
  52  4:54  Twilight Council  
  52  4:55  Pylon  
  52  4:58  Probe x2, Sentry  
  56  5:03  Robotics Bay  
  56  5:10  Probe x2  
  56  5:14  Immortal  
  62  5:22  Probe x2, Zealot  
  66  5:34  Probe  
  67  5:38  Nexus  
  67  5:39  Pylon  
  67  5:43  Zealot  
  67  5:48  Pylon  
  69  5:56  Colossus  
  69  5:57  Extended Thermal Lance  
  69  6:03  Zealot  
  77  6:06  Shield Battery, Pylon  
  77  6:08  Zealot  
  77  6:10  Blink  
  79  6:13  Zealot  
  79  6:17  Shield Battery  
  81  6:24  Probe  
  82  6:28  Zealot x2  
  84  6:34  Probe, Zealot  
  84  6:36  Probe  
  88  6:40  Colossus  
  94  6:56  Gateway  
  94  6:58  Nexus  
  94  7:01  Gateway, Pylon  
  94  7:04  Pylon  
  94  7:16  Gateway  
  94  7:19  Probe x2  
  94  7:20  Stalker x2  
  94  7:21  Stalker  
  102  7:33  Colossus  
  102  7:34  Forge  
  108  7:53  Probe x2  
  108  7:57  Pylon  
  110  8:03  Pylon x2  
  110  8:10  Templar Archives  
  110  8:11  Stalker x2  
  110  8:12  Stalker  
  116  8:14  Probe x3  
  119  8:23  Adept  
  119  8:24  Zealot x2  
  125  8:35  Stalker  
  125  8:36  Stalker x2  
  125  8:40  Psionic Storm  
  131  8:58  Probe x2  
  131  9:02  Gateway, Probe  
  128  9:03  Gateway  
  128  9:04  Assimilator x2  
  128  9:06  Probe  
  128  9:07  Pylon  
  128  9:08  Photon Cannon  
  125  9:13  High Templar x2  
  125  9:14  High Templar x2  
  134  9:17  Stalker  
  134  9:19  Stalker  
  134  9:20  Archon x2, Protoss Ground Weapons Level 1  
  138  9:26  Probe x3  
  141  9:41  High Templar  
  143  9:46  Pylon  
  143  9:47  Charge  
  143  9:48  High Templar x3  
  143  9:49  Pylon  
  143  9:52  Gateway, Probe x3  
  152  9:53  Gateway  
  152  10:14  Nexus  
  152  10:16  High Templar x2  
  152  10:21  Photon Cannon  
  156  10:23  Photon Cannon  
  156  10:28  Pylon  
  156  10:31  Pylon  
  154  10:44  Photon Cannon  
  154  10:45  Photon Cannon  
  154  10:47  Dark Shrine  
  154  10:52  Zealot x3, High Templar x2  
  154  10:53  Zealot  
  154  10:54  Pylon  
  166  11:04  Disruptor  
  166  11:07  Pylon, Robotics Facility  
  166  11:08  Oracle  
  166  11:10  Gravitic Boosters  
  172  11:12  Probe x3  
  172  11:17  Photon Cannon  
  175  11:24  Probe, Assimilator  
  176  11:27  Probe x3  
  176  11:28  Assimilator  
  179  11:36  Probe  
  180  11:41  High Templar x2  
  180  11:42  Stalker x2  
  180  11:46  Archon  
  188  11:51  Fleet Beacon  
  188  11:56  Disruptor  
  188  11:57  Photon Cannon  
  188  11:58  Shield Battery  
  188  12:00  Observer, Photon Cannon  
  176  12:24  High Templar  
  176  12:25  High Templar x2  
  178  12:36  Zealot x5  
  164  12:38  Tempest  
  141  12:46  Colossus x2  
  144  12:57  Stalker x2  
  144  12:58  Stalker x3  
  151  13:09  Stalker x3  
  151  13:11  Probe x2  
  137  13:33  Stalker x3  
  137  13:34  Stalker x5  
  83  14:03  Stalker x4  
  83  14:04  Stalker x4  
Show
View Real Time Build Order
Export as new Build Order

Bioice Zerg - Winner!

Build Orders: 3 Hatch before Pool, Brood Lord Corruptor 

Get SALT Encoding   

  12  0:00  Drone  
  13  0:12  Overlord  
  13  0:16  Drone  
  14  0:32  Drone x2  
  16  0:49  Hatchery  
  15  0:52  Drone  
  16  0:57  Drone  
  17  1:18  Hatchery  
  16  1:21  Drone  
  16  1:25  Drone  
  18  1:32  Extractor  
  17  1:40  Spawning Pool  
  17  1:43  Drone  
  17  1:46  Drone  
  18  1:51  Drone  
  19  1:56  Evolution Chamber  
  19  1:57  Drone  
  21  2:14  Hatchery  
  20  2:24  Overlord  
  20  2:26  Queen x2  
  24  2:31  Zergling x2  
  24  2:34  Zergling x2  
  27  2:37  Zergling x2  
  27  2:40  Drone  
  28  2:45  Drone  
  28  2:46  Drone  
  30  2:54  Metabolic Boost  
  30  2:59  Overlord  
  30  3:01  Drone  
  30  3:03  Drone  
  32  3:10  Queen  
  34  3:14  Overlord  
  34  3:17  Drone  
  35  3:20  Drone  
  35  3:22  Drone  
  35  3:24  Drone  
  38  3:28  Drone x2  
  38  3:33  Queen  
  42  3:39  Drone x2  
  42  3:40  Drone  
  45  3:44  Drone  
  45  3:45  Drone  
  45  3:46  Drone  
  48  3:51  Spore Crawler  
  48  3:52  Spore Crawler  
  46  3:55  Spore Crawler  
  46  3:59  Spore Crawler, Drone x2  
  46  4:02  Drone  
  47  4:07  Queen  
  50  4:14  Drone x5  
  55  4:20  Overlord  
  55  4:22  Extractor  
  53  4:24  Evolution Chamber  
  53  4:29  Drone x2  
  53  4:30  Drone  
  55  4:31  Drone  
  55  4:32  Drone x2  
  55  4:33  Overlord  
  58  4:39  Overlord  
  58  4:40  Overlord  
  58  4:44  Overlord  
  58  4:53  Drone x5  
  58  4:54  Drone x2  
  58  4:59  Drone x2  
  67  5:06  Drone  
  70  5:07  Drone x2  
  69  5:16  Extractor, Zerg Melee Weapons Level 1  
  69  5:17  Extractor  
  69  5:19  Zergling x2  
  69  5:20  Baneling Nest, Zergling x4  
  69  5:24  Zergling x12  
  69  5:26  Lair  
  75  5:29  Zergling x2  
  75  5:33  Zergling x10  
  81  5:50  Overlord  
  81  5:54  Zergling x18  
  89  6:02  Zergling x6  
  89  6:10  Overlord x2  
  87  6:15  Extractor  
  87  6:17  Extractor  
  87  6:18  Zergling x12  
  91  6:24  Zergling x2  
  91  6:25  Zergling x4, Hatchery  
  86  6:34  Overlord x2  
  86  6:41  Overseer  
  82  6:51  Hydralisk Den, Zergling x2  
  82  6:52  Zergling x16  
  90  6:58  Drone x5  
  95  7:07  Centrifical Hooks  
  95  7:12  Overlord  
  95  7:14  Spire  
  94  7:16  Drone x2  
  94  7:17  Drone x4  
  94  7:18  Infestation Pit  
  94  7:19  Zerg Melee Weapons Level 2  
  99  7:24  Drone  
  99  7:25  Drone x2  
  99  7:26  Drone  
  103  7:30  Overlord  
  103  7:34  Overseer  
  103  7:38  Drone x6  
  103  7:40  Overseer  
  103  7:43  Baneling x11  
  103  7:44  Baneling x4  
  109  7:47  Zergling x10  
  109  7:48  Zergling x2  
  115  7:55  Spore Crawler  
  115  7:57  Zergling x6  
  115  7:58  Zergling x10  
  122  8:01  Zergling x4  
  124  8:07  Overlord  
  124  8:09  Hive  
  123  8:27  Corruptor x6  
  123  8:30  Baneling x8  
  135  8:34  Baneling  
  135  8:35  Baneling  
  135  8:36  Baneling  
  135  8:37  Baneling x4  
  135  8:40  Zergling x12  
  139  8:44  Zergling x2  
  139  8:47  Zergling x2  
  139  8:48  Zergling x8  
  142  9:03  Overlord  
  142  9:04  Overlord  
  142  9:09  Overlord  
  142  9:13  Baneling x2  
  142  9:14  Baneling  
  142  9:18  Overlord  
  142  9:19  Overlord  
  142  9:27  Corruptor x5  
  142  9:28  Corruptor x2  
  156  9:38  Hatchery  
  154  9:42  Drone  
  154  9:43  Drone x12  
  154  9:45  Extractor  
  166  9:46  Extractor, Spine Crawler  
  166  9:48  Greater Spire  
  164  9:55  Adrenal Glands  
  164  9:59  Zerg Melee Weapons Level 3  
  164  10:06  Zergling x16  
  173  10:07  Zergling x2  
  172  10:15  Zergling x2  
  172  10:16  Zergling x4  
  172  10:19  Baneling x14  
  170  10:44  Zergling x12  
  170  10:45  Overlord x2  
  176  10:53  Zergling x12  
  181  11:13  Spore Crawler  
  181  11:14  Spine Crawler  
  181  11:16  Extractor  
  181  11:17  Extractor  
  177  11:20  Brood Lord x7  
  177  11:24  Overseer  
  177  11:25  Overseer  
  191  11:30  Overlord  
  191  11:36  Drone x3  
  191  11:37  Brood Lord  
  196  11:42  Overlord  
  194  12:11  Corruptor x2  
  175  12:33  Zergling x4  
  175  12:34  Zergling x52  
  153  12:51  Zergling x10  
  153  12:55  Corruptor  
  159  12:59  Corruptor x4  
  159  13:02  Brood Lord x7  
  179  13:11  Zergling x10  
  182  13:18  Corruptor x5  
  172  13:30  Corruptor  
  172  13:31  Corruptor x2  
  174  13:38  Zergling x2  
  174  13:39  Zergling x20  
  181  13:51  Zergling x6  
  181  13:52  Zergling x4  
Tags
 
Add a new tag
Caveats
  • Supply blocks, unpowered buildings, or Contaminate may cause inaccurate times.
  • Supply counts are checked every 10 seconds.